General information
			
			
        
        - name: BNet
 
        - type: Ladder team game (AT/RT)
 
        - host: Battle.net
 
        - saver: BRAUMS
 
        
map: TwistedMeadows 
        - players: 4
 
        - length: 18:56
 
        - speed: Fast
 - version: 1.22 W3XP
 - replay type:  Public
 
» download(125 KB)
Players
        team 1 (loser) 
              
              
» 
B0Bka (
red | 107 APM | 2030 actions | 18:54)
              
 2 Demon Hunter 
 1 Mana Burn
 1 Evasion
 2 Keeper of the Grove 
 1 Entangling Roots
 1 Thorns Aura
 
                » actions 
                
                | Assign group hotkey | 54 |  | 
| Basic commands | 129 |  | 
| Build / train | 65 |  | 
| ESC pressed | 4 |  | 
| Enter build submenu | 16 |  | 
| Enter hero's abilities submenu | 4 |  | 
| Right click | 831 |  | 
| Select / deselect | 388 |  | 
| Select group hotkey | 418 |  | 
| Use ability | 121 |  | 
                2030 total
 » units 
                » upgrades
                
                | Abolish Magic | 1 |  | 
| Strength of the Wild | 2 |  | 
| Reinforced Hides | 1 |  | 
                4 total
 » buildings
                
                | Altar of Elders | 2 |  | 
| Moon Well | 4 |  | 
| Ancient of War | 2 |  | 
| Hunter's Hall | 1 |  | 
| Tree of Ages | 1 |  | 
| Ancient of Wonders | 2 |  | 
| Ancient of Lore | 5 |  | 
                17 total
 » build order
                00:05 Altar of Elders
00:21 Moon Well
00:57 Ancient of War
01:42 Moon Well
02:45 Hunter's Hall
02:47 Ancient of War
03:03 Tree of Ages
03:20 Moon Well
04:31 Ancient of Wonders
05:39 Ancient of Lore
05:59 Ancient of Lore
06:11 Ancient of Lore
06:57 Ancient of Lore
06:57 Ancient of Lore
09:06 Ancient of Wonders
09:13 Moon Well
16:12 Altar of Elders
» items
                
                | Boots of Speed | 3 |  | 
| Potion of Healing | 4 |  | 
| Staff of Preservation | 1 |  | 
| Moonstone | 1 |  | 
                9 total
  
               
              
              
» 
C9BA (
pink | 94 APM | 1764 actions | 18:50)
              
 3 Demon Hunter 
 2 Mana Burn
 1 Evasion
 2 Pandaren Brewmaster 
 1 Breath of Fire
 1 Drunken Haze
 
                » actions 
                
                | Assign group hotkey | 41 |  | 
| Basic commands | 122 |  | 
| Build / train | 82 |  | 
| ESC pressed | 2 |  | 
| Enter build submenu | 14 |  | 
| Enter hero's abilities submenu | 6 |  | 
| Give item / drop item | 3 |  | 
| Right click | 608 |  | 
| Select / deselect | 408 |  | 
| Select group hotkey | 295 |  | 
| Use ability | 183 |  | 
                1764 total
 » units 
                
                | Wisp | 16 |  | 
| Archer | 1 |  | 
| Dryad | 7 |  | 
| Druid of the Claw | 11 |  | 
                35 total
 » upgrades
                
                | Druid of the Claw Training | 3 |  | 
| Abolish Magic | 1 |  | 
| Well Spring | 1 |  | 
| Mark of the Claw | 1 |  | 
                6 total
 » buildings
                
                | Altar of Elders | 1 |  | 
| Moon Well | 4 |  | 
| Ancient of War | 3 |  | 
| Tree of Ages | 3 |  | 
| Hunter's Hall | 1 |  | 
| Ancient of Wonders | 1 |  | 
| Ancient of Lore | 2 |  | 
| Tree of Eternity | 3 |  | 
                18 total
 » build order
                00:04 Altar of Elders
00:19 Moon Well
01:03 Ancient of War
01:35 Moon Well
02:56 Tree of Ages
04:12 Ancient of War
04:25 Ancient of War
04:27 Hunter's Hall
04:29 Moon Well
04:33 Ancient of Wonders
05:40 Ancient of Lore
06:07 Ancient of Lore
06:31 Moon Well
08:39 Tree of Eternity
» items
                
                | Scroll of Town Portal | 1 |  | 
| Staff of Preservation | 1 |  | 
| Potion of Healing | 6 |  | 
| Moonstone | 1 |  | 
| Potion of Lesser Invulnerability | 1 |  | 
| Lesser Clarity Potion | 1 |  | 
| Orb of Venom | 1 |  | 
                12 total
  
               team 2 (winner) 
              
              
» 
BRAUMS (
yellow | 120 APM | 2281 actions | 18:56)
              
 4 Death Knight 
 2 Death Coil
 2 Unholy Aura
 3 Lich 
 2 Frost Nova
 1 Frost Armor
 2 Crypt Lord 
 1 Impale
 1 Spiked Carapace
 
                » actions 
                
                | Assign group hotkey | 25 |  | 
| Basic commands | 222 |  | 
| Build / train | 54 |  | 
| Enter build submenu | 15 |  | 
| Enter hero's abilities submenu | 10 |  | 
| Give item / drop item | 1 |  | 
| Right click | 782 |  | 
| Select / deselect | 590 |  | 
| Select group hotkey | 449 |  | 
| Use ability | 133 |  | 
                2281 total
 » units 
                
                | Acolyte | 7 |  | 
| Ghoul | 3 |  | 
| Crypt Fiend | 7 |  | 
| Obsidian Statue | 3 |  | 
| Frost Wyrm | 3 |  | 
                23 total
 » upgrades
                
                | Burrow | 1 |  | 
| Creature Attack | 2 |  | 
| Destroyer Form | 1 |  | 
| Web | 1 |  | 
| Creature Carapace | 2 |  | 
                7 total
 » buildings
                
                | Crypt | 1 |  | 
| Graveyard | 1 |  | 
| Altar of Darkness | 1 |  | 
| Ziggurat | 5 |  | 
| Tomb of Relics | 1 |  | 
| Halls of the Dead | 1 |  | 
| Nerubian Tower | 1 |  | 
| Necropolis | 1 |  | 
| Slaughterhouse | 1 |  | 
| Black Citadel | 1 |  | 
| Sacrificial Pit | 1 |  | 
| Boneyard | 1 |  | 
                16 total
 » build order
                00:06 Crypt
00:17 Graveyard
00:41 Altar of Darkness
00:56 Ziggurat
01:31 Tomb of Relics
02:01 Ziggurat
04:24 Halls of the Dead
04:51 Ziggurat
04:52 Nerubian Tower
08:15 Ziggurat
08:48 Necropolis
08:54 Slaughterhouse
10:17 Black Citadel
11:10 Ziggurat
11:12 Sacrificial Pit
12:40 Boneyard
» items
                
                | Rod of Necromancy | 1 |  | 
| Dust of Appearance | 1 |  | 
| Lesser Clarity Potion | 2 |  | 
| Healing Salve | 1 |  | 
| Potion of Mana | 1 |  | 
| Scroll of Town Portal | 3 |  | 
                9 total
  
               
              
              
» 
TIMG4STRok (
purple | 143 APM | 2713 actions | 18:55)
              
 4 Blademaster 
 2 Wind Walk
 2 Critical Strike
 3 Shadow Hunter 
 1 Hex
 2 Healing Wave
 
                » actions 
                
                | Assign group hotkey | 29 |  | 
| Basic commands | 90 |  | 
| Build / train | 69 |  | 
| ESC pressed | 1 |  | 
| Enter build submenu | 14 |  | 
| Enter hero's abilities submenu | 7 |  | 
| Give item / drop item | 1 |  | 
| Right click | 1176 |  | 
| Select / deselect | 295 |  | 
| Select group hotkey | 884 |  | 
| Use ability | 147 |  | 
                2713 total
 » units 
                
                | Peon | 9 |  | 
| Grunt | 6 |  | 
| Raider | 8 |  | 
| Spirit Walker | 3 |  | 
| Demolisher | 3 |  | 
                29 total
 » upgrades
                
                | Pillage | 1 |  | 
| Ensnare | 1 |  | 
| Spirit Walker Training | 2 |  | 
| Burning Oil | 1 |  | 
| Armor | 1 |  | 
                6 total
 » buildings
                
                | Altar of Storms | 2 |  | 
| Orc Burrow | 6 |  | 
| Barracks | 1 |  | 
| Voodoo Lounge | 1 |  | 
| Stronghold | 1 |  | 
| Beastiary | 2 |  | 
| War Mill | 1 |  | 
| Spirit Lodge | 1 |  | 
| Fortress | 1 |  | 
                16 total
 » build order
                00:07 Altar of Storms
00:20 Orc Burrow
00:22 Orc Burrow
00:46 Barracks
01:34 Orc Burrow
03:31 Voodoo Lounge
03:54 Orc Burrow
04:47 Stronghold
07:28 Beastiary
07:29 Beastiary
07:33 Orc Burrow
08:51 War Mill
09:29 Spirit Lodge
10:29 Fortress
14:44 Altar of Storms
14:56 Orc Burrow
» items
                
                | Healing Salve | 6 |  | 
| Lesser Clarity Potion | 6 |  | 
| Scroll of Speed | 2 |  | 
| Potion of Healing | 2 |  | 
| Scroll of Town Portal | 1 |  | 
| Scroll of Healing | 1 |  | 
| Boots of Speed | 1 |  | 
                19 total
  
                Chat log
          (00:14 / All) TIMG4STRok: gl hf
(00:39 / All) BRAUMS: see a young nigga thats strivin
(00:57 / All) TIMG4STRok: hey yall good lucker
(01:43 / All) BRAUMS: Wish u could move burrows
(02:30 / All) BRAUMS: huh
(02:34 / All) BRAUMS: What had happened
(06:53 / All) B0Bka: ping good))
(17:00 / All) BRAUMS: Ping good
(17:16 / All) B0Bka: ping 300-500
(17:21 / All) BRAUMS: excuses
(17:44 / All) BRAUMS: gold :2712
(18:02 / All) BRAUMS: Expo:1
(18:03 / All) B0Bka: go 1x1 noob?
(18:08 / All) BRAUMS: lol
(18:11 / All) C9BA: in garena
(18:14 / All) BRAUMS: no waste time ok!
(18:17 / All) BRAUMS: U suck lol!!
(18:18 / All) TIMG4STRok: just raped you right now
(18:20 / All) TIMG4STRok: why do you want it again
(18:29 / All) BRAUMS: Stupid russians
(18:31 / All) TIMG4STRok: cant even aow rush when i had shitty burrow placement
(18:50 / All) C9BA: bg 
(18:54 / All) B0Bka: noobs